 Dungeon Crawl Stone Soup version 0.28.0 (webtiles) character file.

Game seed: 15054361180718504451

527 fragbeetle the Poker (level 7, -2/50 HPs)
             Began as a Demonspawn Gladiator on Feb 12, 2022.
             Was a Follower of Wu Jian.
             Succumbed to a water moccasin's poison
             ... on level 5 of the Dungeon.
             The game lasted 00:07:23 (3436 turns).

fragbeetle the Poker (Demonspawn Gladiator)         Turns: 3436, Time: 00:07:24

Health: -2/50      AC:  8    Str: 24    XL:     7   Next: 3%
Magic:  7/7        EV: 14    Int: 10    God:    Wu Jian [*.....]
Gold:   182        SH:  0    Dex: 14    Spells: 3/6 levels left

rFire   . . .      SeeInvis .   a - +0 trident
rCold   + . .      Faith    .   (no shield)
rNeg    . . .      Spirit   .   j - +2 leather armour {rC+}
rPois   .          Reflect  .   c - +0 helmet
rElec   .          Harm     .   (no cloak)
rCorr   .          Rampage  .   l - +1 pair of gloves
Will    .....                   (no boots)
Stlth   +.........              y - amulet of regeneration
HPRegen 0.96/turn               p - +6 ring of strength
MPRegen 0.10/turn               w - ring of wizardry

@: lethally poisoned (-2 -> -28)
A: repulsion field 1, demonic guardian 1, powered by pain 1, demonic touch 1,
mutation resistance 1, strong 1
a: Renounce Religion


You were on level 5 of the Dungeon.
You worshipped Wu Jian.
Wu Jian was aware of your devotion.
You visited 1 branch of the dungeon, and saw 5 of its levels.

You collected 182 gold pieces.

Inventory:

Hand Weapons
 a - a +0 trident (weapon)
Missiles
 d - 3 throwing nets (quivered)
Armour
 c - a +0 helmet (worn)
 j - a +2 leather armour of cold resistance (worn)
 l - a +1 pair of gloves (worn)
 x - a +0 scale mail
Jewellery
 p - a +6 ring of strength (left hand)
 w - a ring of wizardry (right hand)
 y - an amulet of regeneration (around neck)
Wands
 t - a wand of flame (16)
 u - a wand of iceblast (9)
Scrolls
 b - 2 scrolls of enchant weapon {unknown}
 i - 2 scrolls of identify {unknown}
 m - 2 scrolls of teleportation {unknown}
 n - a scroll of magic mapping {unknown}
 o - 3 scrolls of blinking {unknown}
 q - a scroll of fear {unknown}
 r - a scroll of vulnerability {unknown}
Potions
 e - a potion of mutation
 f - 2 potions of resistance {unknown}
 g - a potion of magic {unknown}
 h - 3 potions of flight {unknown}
 k - a potion of invisibility {unknown}
 s - 2 potions of curing {unknown}
 v - a potion of brilliance {unknown}


   Skills:
 - Level 2.0 Fighting
 + Level 7.3 Polearms
 - Level 1.7 Throwing
 - Level 2.6 Dodging


You had 3 spell levels left.
You knew the following spells:

 Your Spells              Type           Power      Damage    Failure   Level
a - Vampiric Draining     Necr           0%         2d6       45%         3

Your spell library contained the following spells:

 Spells                   Type           Power      Damage    Failure   Level
 Animate Skeleton         Necr           0%         N/A       17%         1
 Apportation              Tloc           0%         N/A       17%         1
 Pain                     Necr           0%         1d4       17%         1
 Slow                     Hex            0%         N/A       17%         1
 Summon Small Mammal      Summ           0%         N/A       17%         1
 Static Discharge         Conj/Air       0%         N/A       26%         2
 Confusing Touch          Hex            0%         N/A       45%         3
 Gell's Gravitas          Tloc           0%         N/A       45%         3
 Teleport Other           Tloc           0%         N/A       45%         3
 Lightning Bolt           Conj/Air       0%         1d11      99%         5
 Yara's Violent Unravell  Hex/Tmut       0%         3d3       99%         5
 Dispersal                Tloc           0%         N/A       100%        6
 Enfeeble                 Hex            0%         N/A       100%        7
 Maxwell's Capacitive Co  Air            0%         ∞         100%        8


Dungeon Overview and Level Annotations

Branches:
Dungeon (5/15)             Temple (0/1) D:5

Altars:
Kikubaaqudgha
Wu Jian


Innate Abilities, Weirdness & Mutations

You are surrounded by a mild repulsion field. (EV +2)
A weak demonic guardian rushes to your aid.
You sometimes gain a little power by taking damage.
Your touch may inflict minor irresistible damage on your foes.
You are somewhat resistant to further mutation.
Your muscles are strong. (Str +2)


Message History

The water moccasin bites you. The water moccasin misses you.
You miss the water moccasin.
The water moccasin is heavily wounded.
The water moccasin bites you.
You are poisoned.
The water moccasin poisons you!
You closely miss the water moccasin. Your touch misses the water moccasin.
The water moccasin is heavily wounded.
You feel very sick. The water moccasin bites you.
You closely miss the water moccasin. Your punch misses the water moccasin.
The water moccasin is heavily wounded.
You feel very sick.
The water moccasin barely misses you. x2
You closely miss the water moccasin. Your touch misses the water moccasin.
The water moccasin is heavily wounded.
You feel very sick. The water moccasin bites you.
You barely miss the water moccasin. Your touch misses the water moccasin.
The water moccasin is heavily wounded.
You feel sick. The water moccasin bites you!
You are more poisoned.
The water moccasin poisons you!
You feel very sick. The water moccasin bites you.
You are lethally poisoned!
The water moccasin poisons you!
* * * LOW HITPOINT WARNING * * *
You feel very sick.
It was a potion of mutation.
You feel extremely strange.
You feel genetically stable.
You feel stronger.
* * * LOW HITPOINT WARNING * * *
You feel very sick.
The water moccasin bites you but does no damage.
The water moccasin bites you.
* * * LOW HITPOINT WARNING * * *
A demonic guardian appears!
You are more poisoned.
The water moccasin poisons you!
You die...

#.##.##.# ### #.##.##.#
#.##########.##.##.#
#................#.##
#.#########.........#
#.#......##.........#
#.#.####.##..[......#
#.#.# ##.#####.######[
#.#.# #...5@.S........
#.#.###..#####........
#.#.#......# #.....####.
#....<#.#.## #.##..#
##..###.#.####.##..#
#......#..)...##..##
#.##########...)...###+##
#. #.###........# ## #.#
#........#


You could see a water moccasin (ally target) and a friendly shadow imp
(summoned).

Vanquished Creatures
  A black bear (D:5)
  An ogre (D:4)
  A phantom (D:3)
  2 hounds (D:4)
  An iguana (D:5)
  An orc wizard (D:3)
  Ijyb (D:5)
  5 adders
  An ufetubus (D:4)
  A worm (D:4)
  2 dart slugs
  7 orcs
  9 bats
  2 endoplasms
  4 giant cockroaches
  2 goblins (D:2)
  5 hobgoblins
  3 jackals (D:1)
  6 kobolds
  2 quokkas
  9 ball pythons
  4 frilled lizards (D:2)
  3 rats
73 creatures vanquished.

Vanquished Creatures (collateral kills)
  A hobgoblin (D:4)
1 creature vanquished.

Vanquished Creatures (others)
  A plant (D:2)
1 creature vanquished.

Grand Total: 75 creatures vanquished

Notes
Turn   | Place    | Note
-------+----------+-------------------------------------------
     0 | D:1      | fragbeetle the Demonspawn Gladiator began the quest for the
                  | Orb.
     0 | D:1      | Reached XP level 1. HP: 16/16 MP: 1/1
   174 | D:1      | Reached skill level 3 in Polearms
   198 | D:1      | Gained mutation: You are surrounded by a mild repulsion
                  | field. (EV +2) [demonic ancestry]
   198 | D:1      | Reached XP level 2. HP: 19/22 MP: 2/2
   335 | D:1      | Found a faded altar of an unknown god.
   884 | D:2      | Gained mutation: Your touch may inflict minor irresistible
                  | damage on your foes. [demonic ancestry]
   884 | D:2      | Reached XP level 3. HP: 26/27 MP: 3/3
  1133 | D:2      | Reached skill level 4 in Polearms
  1248 | D:2      | Found an ornate altar of the Wu Jian Council.
  1257 | D:2      | Became a worshipper of the Wu Jian Council
  1718 | D:3      | Found an ancient bone altar of Kikubaaqudgha.
  1784 | D:3      | Noticed a phantom
  1818 | D:3      | Killed a phantom
  1819 | D:3      | Reached skill level 5 in Polearms
  1819 | D:3      | Gained mutation: A weak demonic guardian rushes to your
                  | aid. [demonic ancestry]
  1819 | D:3      | Reached XP level 4. HP: 17/33 MP: 4/4
  1967 | D:3      | Gained mutation: You sometimes gain a little power by
                  | taking damage. [demonic ancestry]
  1967 | D:3      | Reached XP level 5. HP: 37/38 MP: 5/5
  2569 | D:4      | Reached * piety under Wu Jian
  2570 | D:4      | Reached skill level 6 in Polearms
  2596 | D:4      | Reached XP level 6. HP: 33/44 MP: 6/6
  3226 | D:4      | Learned a level 3 spell: Vampiric Draining
  3262 | D:5      | Entered Level 5 of the Dungeon
  3307 | D:5      | Noticed Ijyb
  3327 | D:5      | Reached skill level 7 in Polearms
  3331 | D:5      | Killed Ijyb
  3379 | D:5      | Reached XP level 7. HP: 45/50 MP: 7/7
  3407 | D:5      | Got Ovanil's Introduction to Spellcraft
  3411 | D:5      | Found a staircase to the Ecumenical Temple.
  3435 | D:5      | Gained mutation: You are somewhat resistant to further
                  | mutation. [potion of mutation]
  3435 | D:5      | Gained mutation: Your muscles are strong. (Str +2) [potion
                  | of mutation]
  3436 | D:5      | Succumbed to a water moccasin's poison

Illustrated notes

Levels and vault maps discovered:
D:1:      minmay_arrival_four_houses, layout_basic,
          hellmonk_ecumenical_altar_zigzags
D:2:      layout_basic, serial_forest, infiniplex_forest_straight_2,
          infiniplex_forest_straight_3, infiniplex_forest_clump_C,
          infiniplex_forest_side_room, infiniplex_forest_clump_curved,
          infiniplex_forest_clump_diagonal, infiniplex_forest_zigzag_2,
          basic_altar, minivault_5, hangedman_decor_lopped
D:3:      layout_loops_ring, overflow_temple_1_default
D:4:      layout_rooms
D:5:      layout_basic, minmay_temple_entry_statues, uniq_ijyb

Skill      XL: |  1  2  3  4  5  6 |
---------------+-------------------+-----
Polearms       | 3 5 6 7 |  7.3
Fighting       | |  2.0
Throwing       | |  1.7
Dodging        | |  2.6

Action                   |  1- 3 |  4- 6 |  7- 9 || total
-------------------------+-------+-------+-------++-------
Melee: Trident           |   142 |   108 |    14 ||   264
       Punch             |     2 |     1 |       ||     3
       Touch             |     9 |    19 |     1 ||    29
  Use: Potion            |       |       |     1 ||     1
Armor: Leather armour    |    40 |    28 |     4 ||    72
Dodge: Dodged            |    87 |    59 |     8 ||   154
